PINL
BOZEMAN PHEASANTS @ BILLINGS MUSTANGS
06/29/1982
 
TOP OF THE 1ST
Bozeman Pheasants batting - Pitching for Billings Mustangs : LHP Rick Felt
Pitching: LHP Rick Felt
Batting: RHB Willie Picchioni 0-0: Swinging Strike
0-1: Ball
1-1: Swinging Strike
1-2: Strikes out swinging
Batting: RHB John Duncan 0-0: Ball
1-0: Ball
2-0: Fly out, F1 (Line Drive, P, EV 76.3 MPH)
Batting: RHB Terry McGriff 0-0: Ball
1-0: Ball
2-0: Ball
3-0: Base on Balls
Batting: SHB Marlin Methven 0-0: Called Strike
0-1: Ball
1-1: Ball
2-1: Ball
3-1: Fly out, F8 (Line Drive, 8LM, EV 87.5 MPH)
Top of the 1st over - 0 runs, 0 hits, 0 errors, 1 left on base; Bozeman 0 - Billings 0
BOTTOM OF THE 1ST
Billings Mustangs batting - Pitching for Bozeman Pheasants : RHP Freddie Toliver
Pitching: RHP Freddie Toliver
Batting: RHB Howard Meier 0-0: Swinging Strike
0-1: Swinging Strike
0-2: Strikes out swinging
Batting: RHB Leonidas Nolasco 0-0: Ball
1-0: Ground out 6-3 (Groundball, 6, EV 92.5 MPH)
Batting: RHB Daniel Jones 0-0: Called Strike
0-1: Swinging Strike
0-2: Ball
1-2: Ball
2-2: Strikes out looking
Bottom of the 1st over - 0 runs, 0 hits, 0 errors, 0 left on base; Bozeman 0 - Billings 0
TOP OF THE 2ND
Bozeman Pheasants batting - Pitching for Billings Mustangs : LHP Rick Felt
Batting: LHB David Nix 0-0: Ball
1-0: Ball
2-0: Called Strike
2-1: Foul Ball, location: 2F
2-2: SINGLE (Line Drive, 8LS, EV 103.8 MPH)
Batting: LHB Steve Padia 0-0: Ball
1-0: Ball
2-0: Foul Ball, location: 2F
2-1: Swinging Strike
2-2: Ball
3-2: Foul Ball, location: 2F
3-2: Strikes out looking
Batting: LHB Russ Orrick 0-0: Ball
David Nix is caught stealing 2nd base 2-6
1-0: SINGLE (Groundball, 6MS, EV 68.1 MPH) (infield hit)
Batting: LHB Billy Fink 0-0: Ball
1-0: Fly out, F7 (Flyball, 7, EV 86.9 MPH)
Top of the 2nd over - 0 runs, 2 hits, 0 errors, 1 left on base; Bozeman 0 - Billings 0
BOTTOM OF THE 2ND
Billings Mustangs batting - Pitching for Bozeman Pheasants : RHP Freddie Toliver
Batting: RHB Andy Lawrence 0-0: Foul Ball, location: 2F
0-1: Called Strike
0-2: Ground out 2-3 (Groundball, 2L, EV 69.4 MPH)
Batting: RHB Randy Day 0-0: Called Strike
0-1: SINGLE (Line Drive, 7LS, EV 102.5 MPH)
Batting: RHB Dave Rosenhahn 0-0: Grounds into double play, 5-4-3 (Groundball, 56S, EV 81.3 MPH)
Bottom of the 2nd over - 0 runs, 1 hit, 0 errors, 0 left on base; Bozeman 0 - Billings 0
TOP OF THE 3RD
Bozeman Pheasants batting - Pitching for Billings Mustangs : LHP Rick Felt
Batting: RHB Tom Duggan 0-0: Ball
1-0: Ball
2-0: Foul Ball, location: 2F
2-1: Foul Ball, location: 2F
2-2: Strikes out swinging
Batting: RHB Willie Picchioni 0-0: Ball
1-0: SINGLE (Groundball, 56, EV 96.9 MPH)
Batting: RHB John Duncan 0-0: Fly out, F8 (Flyball, 8LD, EV 96.3 MPH)
Batting: RHB Terry McGriff 0-0: Ball
1-0: Ball
2-0: Ball
3-0: Base on Balls
Willie Picchioni to second
Batting: SHB Marlin Methven 0-0: SINGLE (Line Drive, 8RS, EV 110.6 MPH)
Willie Picchioni to third
Terry McGriff to second
Runner from 3rd tries for Home, SAFE, throw by CF to home
Batting: LHB David Nix 0-0: Ball
1-0: Ball
2-0: Called Strike
2-1: Ground out 6-3 (Groundball, 56, EV 101.3 MPH)
Top of the 3rd over - 1 run, 2 hits, 0 errors, 2 left on base; Bozeman 1 - Billings 0
BOTTOM OF THE 3RD
Billings Mustangs batting - Pitching for Bozeman Pheasants : RHP Freddie Toliver
Batting: RHB Gordon Eakin 0-0: Ball
1-0: Ground out 4-3 (Groundball, 4, EV 108.8 MPH)
Batting: RHB Howard Maynor 0-0: Ball
1-0: Ground out 4-3 (Groundball, 34, EV 87.5 MPH)
Batting: RHB Joel Chavous 0-0: Foul Ball, location: 2F
0-1: Swinging Strike
0-2: Ball
1-2: Ball
2-2: Foul Ball, location: 2F
2-2: Strikes out swinging
Bottom of the 3rd over - 0 runs, 0 hits, 0 errors, 0 left on base; Bozeman 1 - Billings 0
TOP OF THE 4TH
Bozeman Pheasants batting - Pitching for Billings Mustangs : LHP Rick Felt
Batting: LHB Steve Padia 0-0: Ground out 1-3 (Groundball, 34S, EV 75.6 MPH)
Batting: LHB Russ Orrick 0-0: Called Strike
0-1: Called Strike
0-2: Strikes out swinging
Batting: LHB Billy Fink 0-0: Ball
1-0: Foul Ball, location: 2F
1-1: Called Strike
1-2: Ball
2-2: Ground out 3-1 (Groundball, 34, EV 79.4 MPH)
Top of the 4th over - 0 runs, 0 hits, 0 errors, 0 left on base; Bozeman 1 - Billings 0
BOTTOM OF THE 4TH
Billings Mustangs batting - Pitching for Bozeman Pheasants : RHP Freddie Toliver
Batting: RHB Howard Meier 0-0: DOUBLE (Line Drive, 89D, EV 106.3 MPH)
Batting: RHB Leonidas Nolasco 0-0: Called Strike
0-1: Swinging Strike
0-2: Ball
1-2: Ball
2-2: Foul Ball, location: 2F
2-2: Foul Ball, location: 2F
2-2: Strikes out swinging
Batting: RHB Daniel Jones 0-0: Ball
1-0: Ball
2-0: Swinging Strike
2-1: Ball
3-1: Fly out, F3 (Popup, 3, EV 66.3 MPH)
Batting: RHB Andy Lawrence 0-0: Ball
1-0: Ball
2-0: Foul Ball, location: 2F
2-1: DOUBLE (Line Drive, 9LM, EV 105.0 MPH)
Howard Meier scores
Batting: RHB Randy Day 0-0: Ball
1-0: Called Strike
1-1: Ball
2-1: Swinging Strike
2-2: Fly out, F8 (Line Drive, 89M, EV 93.8 MPH)
Bottom of the 4th over - 1 run, 2 hits, 0 errors, 1 left on base; Bozeman 1 - Billings 1
TOP OF THE 5TH
Bozeman Pheasants batting - Pitching for Billings Mustangs : LHP Rick Felt
Batting: RHB Tom Duggan 0-0: Swinging Strike
0-1: Ball
1-1: Ball
2-1: Ball
3-1: Foul Ball, location: 2F
3-2: Strikes out swinging
Batting: RHB Willie Picchioni 0-0: Ball
1-0: Called Strike
1-1: Called Strike
1-2: Ball
2-2: Ball
3-2: Strikes out swinging, 2-3 out at first.
Batting: RHB John Duncan 0-0: Foul Ball, location: 2F
0-1: Called Strike
0-2: Foul Ball, location: 2F
0-2: Ball
1-2: SINGLE (Groundball, 4MD, EV 104.4 MPH)
Batting: RHB Terry McGriff 0-0: Called Strike
0-1: Ball
1-1: Called Strike
1-2: Fielders Choice at 2nd, 6-4 (Groundball, 6, EV 81.3 MPH)
Top of the 5th over - 0 runs, 1 hit, 0 errors, 1 left on base; Bozeman 1 - Billings 1
BOTTOM OF THE 5TH
Billings Mustangs batting - Pitching for Bozeman Pheasants : RHP Freddie Toliver
Batting: RHB Dave Rosenhahn 0-0: Called Strike
0-1: Ground out 5-3 (Groundball, 56S, EV 88.1 MPH)
Batting: RHB Gordon Eakin 0-0: Called Strike
0-1: Ball
1-1: Ball
2-1: Ground out 6-3 (Groundball, 6, EV 86.3 MPH)
Batting: RHB Howard Maynor 0-0: Ball
1-0: Ball
2-0: SINGLE (Line Drive, 89S, EV 106.9 MPH)
Batting: RHB Joel Chavous 0-0: Called Strike
0-1: Ball
1-1: Called Strike
1-2: Ball
2-2: Ground out 4-3 (Groundball, 4, EV 84.4 MPH)
Bottom of the 5th over - 0 runs, 1 hit, 0 errors, 1 left on base; Bozeman 1 - Billings 1
TOP OF THE 6TH
Bozeman Pheasants batting - Pitching for Billings Mustangs : LHP Rick Felt
Batting: SHB Marlin Methven 0-0: Ground out 6-3 (Groundball, 6, EV 80.0 MPH)
Batting: LHB David Nix 0-0: Ball
1-0: Ball
2-0: Ball
3-0: Called Strike
3-1: Fly out, F7 (Flyball, 7LS, EV 81.9 MPH)
Batting: LHB Steve Padia 0-0: Foul Ball, location: 2F
0-1: Ball
1-1: Ball
2-1: Swinging Strike
2-2: SINGLE (Groundball, 34D, EV 103.1 MPH)
Batting: LHB Russ Orrick 0-0: Called Strike
0-1: Ball
1-1: Called Strike
1-2: Ball
2-2: Foul Ball, location: 2F
2-2: Strikes out swinging
Top of the 6th over - 0 runs, 1 hit, 0 errors, 1 left on base; Bozeman 1 - Billings 1
BOTTOM OF THE 6TH
Billings Mustangs batting - Pitching for Bozeman Pheasants : RHP Freddie Toliver
Batting: RHB Howard Meier 0-0: Ball
1-0: Foul Ball, location: 2F
1-1: Called Strike
1-2: Ball
2-2: Ball
3-2: SINGLE (Groundball, 4MD, EV 103.8 MPH)
Batting: RHB Leonidas Nolasco 0-0: Ball
1-0: Ball
2-0: Ball
3-0: Called Strike
3-1: Foul Ball, location: 2F
3-2: Foul Ball, location: 2F
3-2: Foul Ball, location: 2F
3-2: Foul Ball, location: 2F
3-2: Foul Ball, location: 2F
3-2: Fielders Choice at 2nd, 6-4 (Groundball, 6, EV 84.4 MPH)
Batting: RHB Daniel Jones 0-0: Ball
1-0: Swinging Strike
1-1: Foul Ball, location: 2F
1-2: Ball
2-2: Ball
3-2: Base on Balls
Leonidas Nolasco to second
Batting: RHB Andy Lawrence 0-0: DOUBLE (Groundball, 5L, EV 106.9 MPH)
Leonidas Nolasco scores
Daniel Jones to third
Batting: RHB Randy Day 0-0: Ball
1-0: Called Strike
1-1: Fly out, F8 (Flyball, 8RXD, EV 93.8 MPH)
Runner from 3rd tags up, SCORES, no throw by CF
Batting: RHB Dave Rosenhahn 0-0: Ball
1-0: Fly out, F7 (Flyball, 7LD, EV 91.9 MPH)
Bottom of the 6th over - 2 runs, 2 hits, 0 errors, 1 left on base; Bozeman 1 - Billings 3
TOP OF THE 7TH
Bozeman Pheasants batting - Pitching for Billings Mustangs : LHP Rick Felt
Batting: LHB Billy Fink 0-0: Ball
1-0: Called Strike
1-1: Fly out, F8 (Flyball, 8RM, EV 78.8 MPH)
Batting: RHB Tom Duggan 0-0: Called Strike
0-1: SINGLE (Line Drive, 78M, EV 95.0 MPH)
Batting: RHB Willie Picchioni 0-0: Fly out, F8 (Flyball, 8RXD, EV 103.1 MPH)
Batting: RHB John Duncan 0-0: Ball
Wild Pitch!
Tom Duggan to second
1-0: Foul Ball, location: 2F
1-1: Called Strike
1-2: Foul Ball, location: 2F
1-2: Ball
2-2: Ball
3-2: Foul Ball, location: 2F
3-2: Base on Balls
Batting: RHB Terry McGriff 0-0: Called Strike
0-1: Foul Ball, location: 2F
0-2: Foul Ball, location: 2F
0-2: Foul Ball, location: 2F
0-2: Ball
1-2: Strikes out swinging
Top of the 7th over - 0 runs, 1 hit, 0 errors, 2 left on base; Bozeman 1 - Billings 3
BOTTOM OF THE 7TH
Billings Mustangs batting - Pitching for Bozeman Pheasants : RHP Freddie Toliver
Batting: RHB Gordon Eakin 0-0: Called Strike
0-1: Ball
1-1: Ball
2-1: Foul Ball, location: 2F
2-2: Strikes out swinging
Batting: RHB Howard Maynor 0-0: Ground out 6-3 (Groundball, 6M, EV 88.1 MPH)
Batting: RHB Joel Chavous 0-0: Ball
1-0: Ball
2-0: Ball
3-0: Base on Balls
Batting: RHB Howard Meier 0-0: Fly out, F9 (Flyball, 9LD, EV 86.3 MPH)
Bottom of the 7th over - 0 runs, 0 hits, 0 errors, 1 left on base; Bozeman 1 - Billings 3
TOP OF THE 8TH
Bozeman Pheasants batting - Pitching for Billings Mustangs : LHP Rick Felt
Batting: SHB Marlin Methven 0-0: Called Strike
0-1: Foul Ball, location: 2F
0-2: Ball
1-2: Ground out 4-3 (Groundball, 4S, EV 78.8 MPH)
Batting: LHB David Nix 0-0: Foul Ball, location: 2F
0-1: Foul Ball, location: 2F
0-2: Fly out, F8 (Flyball, 8LM, EV 81.9 MPH)
Batting: LHB Steve Padia 0-0: Called Strike
0-1: Foul Ball, location: 2F
0-2: Foul Ball, location: 2F
0-2: Ball
1-2: Strikes out looking
Top of the 8th over - 0 runs, 0 hits, 0 errors, 0 left on base; Bozeman 1 - Billings 3
BOTTOM OF THE 8TH
Billings Mustangs batting - Pitching for Bozeman Pheasants : RHP Freddie Toliver
Batting: RHB Leonidas Nolasco 0-0: Called Strike
0-1: Ball
1-1: Ball
2-1: Fly out, F8 (Flyball, 8RXD, EV 108.8 MPH)
Batting: RHB Daniel Jones 0-0: Fly out, F9 (Flyball, 9LM, EV 81.9 MPH)
Batting: RHB Andy Lawrence 0-0: Ball
1-0: Ball
2-0: Ball
3-0: Called Strike
3-1: Called Strike
3-2: DOUBLE (Line Drive, 9LS, EV 103.1 MPH)
Batting: RHB Randy Day 0-0: Ball
1-0: Ball
2-0: Called Strike
2-1: Foul Ball, location: 2F
2-2: DOUBLE (Line Drive, 78XD, EV 103.1 MPH)
Andy Lawrence scores
Batting: RHB Dave Rosenhahn 0-0: Ball
1-0: Ball
2-0: Called Strike
2-1: Called Strike
2-2: Ball
3-2: Fly out, F8 (Flyball, 8RS, EV 97.5 MPH)
Bottom of the 8th over - 1 run, 2 hits, 0 errors, 1 left on base; Bozeman 1 - Billings 4
TOP OF THE 9TH
Bozeman Pheasants batting - Pitching for Billings Mustangs : LHP Rick Felt
Batting: LHB Russ Orrick 0-0: Swinging Strike
0-1: Ball
1-1: SINGLE (Groundball, 34D, EV 101.9 MPH)
Batting: LHB Billy Fink 0-0: Ball
1-0: Foul Ball, location: 2F
1-1: Ball
2-1: Fly out, F7 (Flyball, 7LM, EV 98.8 MPH)
Batting: RHB Tom Duggan 0-0: Ball
1-0: Ball
Wild Pitch!
Russ Orrick to second
2-0: Called Strike
2-1: Ball
3-1: Base on Balls
Batting: RHB Willie Picchioni 0-0: Fly out, F9 (Flyball, 9D, EV 98.1 MPH)
Runner from 2nd tags up, SAFE at 3rd, no throw by RF
Batting: RHB John Duncan 0-0: SINGLE (Groundball, 56D, EV 111.3 MPH)
Russ Orrick scores
Tom Duggan to second
Batting: RHB Terry McGriff 0-0: Ball
1-0: Called Strike
1-1: Ground out 4-3 (Groundball, 4, EV 83.8 MPH)
Top of the 9th over - 1 run, 2 hits, 0 errors, 2 left on base; Bozeman 2 - Billings 4
Wednesday, August 12th, 2020 - OOTP Baseball 21.5 Build 76